AoeStats
← Feisty

Arena

509683172Analyzed
2v2 RM · 6d ago on Sep 27, 2026· 45m 59s· 4 players
Game mode
Random Map
Map size
Medium (4 player)
Population
200
Speed
Normal
Resources
Standard
Victory
Conquest
Starting age
Dark Age
Ending age
Imperial Age
RankedLock teamsTeams togetherTeam positionsShared explorationLock speedFull tech treeHidden civsTurbo modeCheats
Victory
Defeat
🇺🇾 Danes · Uruguay
1545
+13
🇨🇳 Persians · China
1498
+14
🇺🇸 Varangians · United States
1566
-17
🇺🇸 Khmer · United States
1368
-10
FMG | Sawasha Takohida
10:02 Feudal Age
10:51 Double-Bit Axe
13:40 Castle Age
11:52 Horse Collar
12:50 Horse Collar
14:49 Bow Saw
20:18 Arson
22:16 Scale Mail Armor
22:38 Squires
23:29 Forging
25:02 Scale Barding Armor
24:51 Loom
26:07 Wheelbarrow
25:58 Gold Mining
28:42 Bloodlines
28:35 Husbandry
29:58 Chain Mail Armor
34:58 Imperial Age
32:54 Fletching
33:13 Heavy Plow
34:25 Bodkin Arrow
35:53 Iron Casting
35:18 Heavy Mounted Crossbowman
36:58 Bracer
36:34 Capped Ram
38:34 Chemistry
38:28 Plate Mail Armor
38:53 Padded Archer Armor
39:00 Siege Ram
42:13 Ballistics
41:32 Cranequins
42:31 Thumb Ring
42:42 Light Cavalry
44:50 Chain Barding Armor
44:46 Leather Archer Armor
46:05 Ring Archer Armor
46:35 Blast Furnace
秦墨子
10:51 Feudal Age
12:05 Wheelbarrow
14:39 Castle Age
13:08 Horse Collar
14:39 Double-Bit Axe
14:45 Loom
some.spiced.ham
9:47 Feudal Age
12:33 Castle Age
18:25 Loom
Feisty
5:08 Loom
9:02 Feudal Age
11:17 Horse Collar
11:23 Double-Bit Axe
14:21 Wheelbarrow
15:15 Bloodlines
17:48 Scale Barding Armor
22:04 Forging
26:15 Castle Age
31:00 Bow Saw
34:31 Scale Mail Armor
36:30 Chain Barding Armor
36:48 Iron Casting
40:17 Imperial Age
37:40 Fletching
38:16 Elite Skirmisher
38:59 Padded Archer Armor
39:35 Husbandry
38:56 Light Cavalry
40:28 Chain Barding Armor
41:19 Bodkin Arrow
44:04 Bodkin Arrow
45:06 Bracer
45:23 Leather Archer Armor
46:00 Chain Mail Armor
46:45 Blast Furnace
Connection lost

Rejoining the realm…

Still unreachable

The connection could not be restored.

Session expired

The server has moved on; the page needs a fresh start.